 Dungeon Crawl Stone Soup version 0.29-a0-520-gc852659d43 (webtiles) character file.

Game seed: 13732118745399260751

181434 27snakeeyes612 the Warrior (level 17, -17/252 HPs)
             Began as a Minotaur Berserker on May 31, 2022.
             Was a High Priest of Trog.
             Killed from afar by Nikola (84 damage)
             ... with an arc of chain lightning
             ... on level 4 of the Snake Pit.
             The game lasted 00:42:24 (44187 turns).

27snakeeyes612 the Warrior (Minotaur Berserker)    Turns: 44187, Time: 00:42:24

Health: -17/252    AC: 31    Str: 28    XL:     17   Next: 67%
Magic:  16/16      EV: 12    Int:  4    God:    Trog [*****.]
Gold:   2669       SH: 21    Dex: 12    Spells: 16/16 levels left

rFire   + . .      SeeInvis .   d - +4 war axe (elec)
rCold   . . .      Faith    .   v - +1 tower shield
rNeg    . . .      Spirit   .   F - +0 plate armour
rPois   +          Reflect  +   L - +2 hat
rElec   .          Harm     .   K - +2 cloak
rCorr   .          Rampage  .   A - +1 pair of gloves
Will    +....                   r - +2 pair of boots
Stlth   ..........              T - amulet of reflection
HPRegen 0.52/turn               w - ring of protection from fire
MPRegen 0.15/turn               B - ring of poison resistance

@: berserking, studying Staves, very quick
A: horns 2, retaliatory headbutt
a: Renounce Religion, Berserk, Trog's Hand, Brothers in Arms


You were on level 4 of the Snake Pit.
You worshipped Trog.
Trog was extremely pleased with you.
You visited 4 branches of the dungeon, and saw 27 of its levels.
You also visited: Sewer.

You collected 3038 gold pieces.
You spent 369 gold pieces at shops.

Inventory:

Hand Weapons
 d - a +4 war axe of electrocution (weapon)
 z - a +1 broad axe of flaming
 Q - a +0 war axe of flaming
 X - a +5 vorpal executioner's axe
Armour
 i - the +0 cloak "Vulekha" {rC+}
   (You found it on level 5 of the Dungeon)

   rC:        It protects you from cold.
 r - a +2 pair of boots (worn)
 v - a +1 tower shield (worn)
 A - a +1 pair of gloves (worn)
 F - a +0 plate armour (worn)
 K - a +2 cloak (worn)
 L - a +2 hat (worn)
Jewellery
 b - a +4 ring of protection
 m - a ring of positive energy
 w - a ring of protection from fire (left hand)
 B - a ring of poison resistance (right hand)
 M - a ring of flight
 N - a ring of see invisible
 T - an amulet of reflection (around neck)
 W - an amulet of the acrobat
Wands
 k - a wand of flame (58)
 q - a wand of acid (12)
 u - a wand of mindburst (15)
 O - a wand of iceblast (36)
 P - a wand of charming (14)
 S - a wand of paralysis (7)
 Y - a wand of digging (16)
 Z - a wand of polymorph (11)
Scrolls
 a - 2 scrolls of poison
 t - a scroll of blinking
 x - 9 scrolls of teleportation
 y - 4 scrolls of magic mapping
 G - 4 scrolls of vulnerability
 H - a scroll of enchant weapon
 I - a scroll of silence
 J - 16 scrolls of identify
 V - 6 scrolls of fear
Potions
 c - 10 potions of curing
 e - 4 potions of magic
 l - 2 potions of attraction
 n - 2 potions of cancellation
 o - 6 potions of lignification
 p - 7 potions of mutation
 s - 7 potions of haste
 C - 3 potions of resistance
 D - 2 potions of invisibility
 E - 9 potions of might
 R - a potion of ambrosia
 U - 3 potions of flight


   Skills:
 + Level 19.2 Fighting
 - Level 19.0 Axes
 + Level 19.0 Armour
 + Level 17.5 Dodging
 + Level 10.1 Shields


You had 16 spell levels left.
You didn't know any spells.
Your spell library was empty.

Dungeon Overview and Level Annotations

Branches:
Dungeon (15/15)            Temple (0/1) D:4            Lair (6/6) D:11
  Swamp (0/4) Lair:4        Snake (4/4) Lair:3        Slime (0/5) Lair:5
    Orc (2/2) D:9             Elf (0/3) Orc:2        Vaults (0/5) D:14
 Depths (0/4) D:15          Sewer (visited)

Altars:
Dithmenos
Trog
Vehumet
Beogh

Shops:
D:5 ?   D:6 *   D:7 (   Orc:1 *   Orc:2 **[(   Snake:1 =!:

Portals:
Trove: D:13 (give 6 scrolls of fear)

Annotations:
D:6 2 transporters, Tegun's ghost, novice OpIE
D:12 1 runed translucent door, Daticseg's ghost, journeyman DDFi
D:14 Roxanne
D:15 1 runed translucent door, Ostuorea's ghost, journeyman DsMo
Snake:4 Nikola


Innate Abilities, Weirdness & Mutations

You have a pair of horns on your head.
You reflexively headbutt those who attack you in melee.


Message History

Lightning arcs from Nikola's hands!
The bolt of lightning hits you!!!!
A bolt of lightning appears from out of thin air!
The bolt of lightning hits Nikola.
You hear a shout! x7
You are too injured to fight recklessly!
You are too injured to fight recklessly!
You are too injured to fight recklessly!
You are too injured to fight recklessly!
You completely miss Nikola. You headbutt Nikola, but do no damage.
Nikola is heavily wounded.
Nikola gestures wildly while chanting.
Lightning arcs from Nikola's hands!
The bolt of lightning hits you!!!
* * * LOW HITPOINT WARNING * * *
A bolt of lightning appears from out of thin air!
The bolt of lightning hits Nikola.
You hear a shout!
You hear an angry hiss. x2
You completely miss Nikola. You headbutt Nikola!
Nikola is heavily wounded.
Nikola hits you but does no damage.
You hit Nikola. Lightning courses through Nikola!
Nikola is heavily wounded.
Nikola hits you but does no damage.
You feel much better. You block Nikola's attack.
A red film seems to cover your vision as you go berserk!
You feel yourself moving faster!
You feel mighty! You block Nikola's attack.
You slice Nikola!! You headbutt Nikola!
Nikola is severely wounded.
You block Nikola's attack.
You slash Nikola! Your headbutt misses Nikola.
Nikola is severely wounded.
You slice Nikola!!
Nikola is almost dead.
Nikola points at you and mumbles some strange words.
The bolt of lightning hits you.
* * * LOW HITPOINT WARNING * * *
You slash Nikola! Lightning courses through Nikola!
Nikola is almost dead.
Nikola gestures wildly while chanting.
Lightning arcs from Nikola's hands!
The bolt of lightning hits you!!!!
You die...

**,,,,,,,,,, ***..,,,,,,,,,
**###** *##,...,,,,*,,,,
*,,..,####.,....,,,,,,,,,
*,,,.##^..##...#*,,,,,,**
#,,##.........##*,,,**,,,
*#.##..#..................
*....##...@.....#.........
****#*,##.....@....##..........
*,,,...#..#............##.#...#
**,*,......#...........##.#.....
*,***,,#......#.....###.#.......
*,,*,.........#.................
**,,,,....^...####........#......
,***,,.......##,,##.....#..#..).[
,,,***.......*,,,,#...........#.#
,⌠,,,*#.....#*,,,,#......#.######


You could see Nikola.

Vanquished Creatures
  Vashnia (Snake:2)
  Asterion (Snake:4)
  Agnes (Snake:1)
  Frances (D:12)
  3 nagarajas
  Louise (D:14)
  A fire giant (D:15)
  An orc warlord (Orc:2)
  Aizul (Snake:4)
  4 dire elephants (Lair:6)
  Azrael (D:14)
  An ettin (D:14)
  A rakshasa (D:15)
  A salamander tyrant (Snake:3)
  3 catoblepae
  13 hydras
  3 boulder beetles
  22 anacondas
  6 centaur warriors
  Erica (Lair:2)
  15 naga warriors
  7 two-headed ogres
  A death knight (D:14)
  An alligator (shapeshifter) (D:11)
  2 tengu warriors
  13 death yaks
  4 shock serpents
  9 naga sharpshooters
  2 orc high priests
  A spectral death yak (Lair:6)
  A shadow wraith (D:14)
  4 salamander mystics
  A spectral anaconda (Lair:6)
  8 sea snakes (Snake:1)
  Lodul (D:10)
  4 naga ritualists
  An obsidian statue (Lair:6)
  3 necromancers (Lair:6)
  A lindwurm (D:14)
  A wizard (D:12)
  3 deep elf pyromancers
  2 manticores
  15 salamanders
  2 orc knights
  4 cyclopes
  A will-o-the-wisp (Lair:4)
  9 ugly things
  11 mana vipers
  2 orc sorcerers
  13 elephants
  2 torpor snails (Lair:6)
  6 guardian serpents
  3 gargoyles
  A rime drake (Lair:1)
  A dire elephant zombie (Lair:6)
  19 naga magi
  31 black mambas
  17 cane toads
  2 unseen horrors
  A dire elephant skeleton (Lair:6)
  A kobold demonologist (D:10)
  An efreet (D:15)
  6 komodo dragons
  A freezing wraith (D:14)
  2 guardian mummies (D:13)
  8 trolls
  A polar bear (Lair:5)
  2 burning bushes (Lair:6)
  A polar bear (shapeshifter) (D:14)
  A hornet (D:10)
  3 meliai (D:14)
  Prince Ribbit (D:7)
  3 spectral elephants (Lair:6)
  6 slime creatures
  16 blink frogs
  A jumping spider (shapeshifter) (D:14)
  Sigmund (D:2)
  2 vampires
  8 basilisks
  3 wraiths
  2 wyverns
  2 fire elementals (D:14)
  52 yaks
  A steam dragon (Lair:3)
  A fire bat (shapeshifter) (D:15)
  2 vampire mosquitoes (D:12)
  2 spectral cane toads (Lair:6)
  4 wargs
  Menkaure (D:6)
  44 nagas
  4 acid dragons
  23 water moccasins
  3 hell hounds (D:14)
  4 ice beasts
  27 orc warriors
  2 sky beasts
  3 black bears
  25 wolves
  18 ogres
  11 centaurs
  2 elephant skeletons (Lair:6)
  4 kobold brigands
  14 bullfrogs
  3 necrophages
  3 cane toad simulacra (Lair:6)
  A scorpion (D:4)
  4 gnoll sergeants
  11 wights
  6 killer bees
  3 howler monkeys (D:8)
  4 electric eels (D:11)
  A lava snake (D:11)
  25 orc priests
  A gnoll shaman (D:8)
  2 hounds (D:5)
  Crazy Yiuf (D:7)
  5 jellies
  39 orc wizards
  Robin (D:3)
  16 gnolls
  8 adders
  A shadow imp (D:8)
  2 ufetubi
  A worm (D:2)
  2 dart slugs (D:1)
  107 orcs
  4 endoplasms
  4 giant cockroaches
  10 goblins
  16 hobgoblins
  13 jackals
  24 kobolds
  2 quokkas (D:4)
  7 ball pythons
  8 bats
  8 frilled lizards
  10 rats
964 creatures vanquished.

Vanquished Creatures (collateral kills)
  Rupert (Snake:1)
  2 naga sharpshooters (Snake:2)
  A salamander (Snake:2)
  A black mamba (Snake:2)
5 creatures vanquished.

Vanquished Creatures (others)
  A naga sharpshooter (Snake:3)
  A guardian serpent (Snake:3)
  An orc wizard (D:12)
  6 bushes (Lair:6)
  2 foxfires (Lair:4)
  63 fungi
  50 plants
  21 withered plants (Lair:6)
145 creatures vanquished.

Grand Total: 1114 creatures vanquished

Notes
Turn   | Place    | Note
-------+----------+-------------------------------------------
     0 | D:1      | 27snakeeyes612 the Minotaur Berserker began the quest for
                  | the Orb.
     0 | D:1      | Reached XP level 1. HP: 19/19 MP: 0/0
   128 | D:1      | Reached XP level 2. HP: 25/27 MP: 1/1
   466 | D:1      | Reached XP level 3. HP: 26/33 MP: 2/2
   659 | D:1      | Reached ** piety under Trog
   957 | D:2      | Found a faded altar of an unknown god.
  1038 | D:2      | Found a radiant altar of Vehumet.
  1041 | D:2      | Noticed Sigmund
  1058 | D:2      | Killed Sigmund
  1059 | D:2      | Reached XP level 4. HP: 25/41 MP: 3/3
  1059 | D:2      | Reached XP level 5. HP: 29/47 MP: 4/4
  1640 | D:2      | Reached skill level 5 in Axes
  2030 | D:3      | Noticed Robin
  2033 | D:3      | Reached skill level 5 in Fighting
  2045 | D:3      | Killed Robin
  2489 | D:4      | Noticed an ogre
  2495 | D:4      | Killed an ogre
  2496 | D:4      | Reached XP level 6. HP: 18/56 MP: 5/5
  2918 | D:4      | Found a glowing drain.
  3081 | D:4      | Reached *** piety under Trog
  3087 | Sewer    | Entered a sewer
  3146 | Sewer    | Noticed a water moccasin
  3163 | Sewer    | Killed a water moccasin
  3164 | Sewer    | Reached skill level 5 in Armour
  3164 | Sewer    | Reached XP level 7. HP: 37/62 MP: 6/6
  3480 | D:4      | Noticed a yak
  3491 | D:4      | Killed a yak
  3492 | D:4      | Reached skill level 5 in Dodging
  3496 | D:4      | HP: 3/64 [poisoned by a water moccasin]
  3501 | D:4      | HP: 3/64 [poisoned by a water moccasin]
  3857 | D:4      | Reached XP level 8. HP: 16/71 MP: 7/7
  4317 | D:4      | Found a staircase to the Ecumenical Temple.
  4513 | D:4      | Identified a scroll of acquirement
  4513 | D:4      | Acquired the +4 war axe of Impermanence {venom, Str-4
                  | Dex+5}
  5143 | D:5      | Entered Level 5 of the Dungeon
  5149 | D:5      | Reached **** piety under Trog
  5161 | D:5      | Identified the +0 cloak "Vulekha" {rC+}
  5770 | D:5      | Found Muank's Magic Scroll Shoppe.
  5835 | D:5      | Bought a scroll of enchant armour for 105 gold pieces
  5835 | D:5      | Bought a scroll of identify for 28 gold pieces
  5911 | D:5      | Reached XP level 9. HP: 30/81 MP: 8/8
  6541 | D:6      | Found a transporter.
  6548 | D:6      | Noticed Menkaure
  6556 | D:6      | Killed Menkaure
  6832 | D:6      | Noticed Tegun's ghost (novice OpIE)
  6837 | D:6      | Found a transporter.
  6971 | D:6      | Found Luebequfiong's Assorted Antiques.
  6974 | D:6      | Bought a scroll labelled XIASUNT ZISI for 26 gold pieces
  6974 | D:6      | Bought 3 scrolls labelled QOIMOU LUAR TIB for 78 gold
                  | pieces
  7308 | D:7      | Noticed Prince Ribbit
  7314 | D:7      | Killed Prince Ribbit
  7788 | D:7      | Found a runed translucent door.
  7789 | D:7      | Noticed Crazy Yiuf
  7795 | D:7      | Killed Crazy Yiuf
  7905 | D:7      | Found Nidog's Antique Weapon Shop.
  8161 | D:8      | Reached XP level 10. HP: 45/91 MP: 9/9
  8965 | D:8      | Noticed a two-headed ogre
  8972 | D:8      | Killed a two-headed ogre
  8972 | D:8      | Reached ***** piety under Trog
  8982 | D:8      | Reached skill level 10 in Fighting
  8993 | D:8      | Reached skill level 10 in Axes
  9417 | D:9      | Found a shadowy altar of Dithmenos.
  9613 | D:9      | Found a staircase to the Orcish Mines.
 10127 | D:10     | Entered Level 10 of the Dungeon
 10190 | D:10     | Noticed Lodul
 10192 | D:10     | Reached skill level 10 in Armour
 10217 | D:10     | Killed Lodul
 10450 | D:10     | Reached XP level 11. HP: 97/101 MP: 10/10
 10871 | D:10     | Noticed an orc knight
 10883 | D:10     | Killed an orc knight
 10884 | D:10     | Reached skill level 10 in Dodging
 11334 | D:10     | Noticed a tengu warrior
 11377 | D:10     | Noticed a two-headed ogre
 11388 | D:10     | Killed a two-headed ogre
 11575 | D:10     | Noticed a two-headed ogre
 11589 | D:10     | Killed a two-headed ogre
 11900 | D:11     | Noticed an eight-headed hydra
 11906 | D:11     | Killed a five-headed hydra
 11989 | D:11     | Noticed a two-headed ogre
 11989 | D:11     | Noticed a centaur warrior
 12003 | D:11     | Noticed a boulder beetle
 12016 | D:11     | Killed a boulder beetle
 12019 | D:11     | Noticed a two-headed ogre
 12040 | D:11     | Killed a two-headed ogre
 12296 | D:11     | Found a staircase to the Lair.
 12662 | D:11     | Killed a tengu warrior
 12838 | D:11     | Noticed an alligator
 12844 | D:11     | Killed a centaur warrior
 12844 | D:11     | Received a gift from Trog
 12845 | D:11     | Reached XP level 12. HP: 81/113 MP: 11/11
 12848 | D:11     | Killed an alligator
 13024 | D:11     | Killed a two-headed ogre
 13806 | D:12     | Noticed a two-headed ogre
 13813 | D:12     | Killed a two-headed ogre
 14174 | D:12     | Noticed a two-headed ogre
 14182 | D:12     | Killed a two-headed ogre
 14300 | D:12     | Found a runed translucent door.
 14300 | D:12     | Noticed Daticseg's ghost (journeyman DDFi)
 14347 | D:12     | HP: 2/115 [enormous slime creature (44)]
 15170 | D:12     | Noticed Frances
 15179 | D:12     | Killed Frances
 15296 | D:12     | You fall into a shaft and drop 3 floors!
 15296 | D:15     | Entered Level 15 of the Dungeon
 15502 | D:14     | Noticed Roxanne
 16059 | Lair:1   | Entered Level 1 of the Lair of Beasts
 16402 | Lair:1   | Noticed an eight-headed hydra
 16414 | Lair:1   | Killed a ten-headed hydra
 16805 | Lair:1   | Reached XP level 13. HP: 93/123 MP: 12/12
 17225 | Lair:2   | Noticed Erica
 17600 | Lair:2   | Received a gift from Trog
 18128 | Lair:2   | Killed Erica
 19114 | Lair:3   | Found a staircase to the Snake Pit.
 19349 | Lair:3   | Identified the +9 whip of Elirch {vorpal, *Slow Dex+7}
 20018 | Lair:4   | Found a staircase to the Swamp.
 20501 | Lair:4   | Reached skill level 15 in Fighting
 20926 | Lair:5   | Reached skill level 15 in Axes
 21035 | Lair:5   | Identified the +5 war axe of Law {vorpal, rF+ Str+4 Int-5}
                  | (Trog gifted it to you on level 5 of the Lair of Beasts)
 21035 | Lair:5   | Received a gift from Trog
 21042 | Lair:5   | Reached XP level 14. HP: 128/135 MP: 13/13
 21248 | Lair:5   | Reached skill level 15 in Armour
 21742 | Lair:5   | Found a staircase to the Slime Pits.
 22154 | Lair:6   | Entered Level 6 of the Lair of Beasts
 22968 | Lair:6   | Received a gift from Trog
 23829 | Lair:6   | HP: 6/138 [dire elephant (10)]
 23833 | Lair:6   | HP: 1/138 [dire elephant (14)]
 24422 | Lair:6   | Reached skill level 15 in Dodging
 24422 | Lair:6   | Reached XP level 15. HP: 137/143 MP: 14/14
 25349 | D:13     | Found a portal to a secret trove of treasure.
 26249 | D:14     | Noticed Louise
 26262 | D:14     | Killed Louise
 27013 | D:14     | Reached skill level 1 in Shields
 27377 | D:14     | Found a gate to the Vaults.
 27714 | D:14     | Noticed Azrael
 27728 | D:14     | Killed Azrael
 28346 | D:15     | Found a staircase to the Depths.
 28346 | D:15     | Noticed a fire giant
 28358 | D:15     | Killed a fire giant
 29225 | D:15     | Found a runed translucent door.
 29226 | D:15     | Noticed Ostuorea's ghost (journeyman DsMo)
 29675 | D:15     | Received a gift from Trog
 30075 | Orc:1    | Entered Level 1 of the Orcish Mines
 30075 | Orc:1    | Found Sunnen's Assorted Antiques.
 30079 | Orc:1    | Bought a scroll of teleportation for 90 gold pieces
 30619 | Orc:2    | Entered Level 2 of the Orcish Mines
 30939 | Orc:2    | Found Can Ociu's General Store.
 30944 | Orc:2    | Bought a scroll of teleportation for 42 gold pieces
 31149 | Orc:2    | Found a staircase to the Elven Halls.
 31224 | Orc:2    | Noticed an orc warlord
 32297 | Orc:2    | Killed an orc warlord
 32552 | Orc:2    | Found Uhaunt's Antique Armour Shoppe.
 32627 | Orc:2    | Found Adisch's Antique Weapon Emporium.
 32699 | Orc:2    | Reached skill level 5 in Shields
 32720 | Orc:2    | Reached ****** piety under Trog
 32723 | Orc:2    | Found Uskuylyd's Assorted Antiques.
 33271 | Snake:1  | Entered Level 1 of the Snake Pit
 33297 | Snake:1  | Reached XP level 16. HP: 77/155 MP: 7/15
 33819 | Snake:1  | Found Sehani's Book Shop.
 33864 | Snake:1  | Found Cammaiph's Distillery.
 33865 | Snake:1  | Found Peikk's Jewellery Shop.
 33983 | Snake:1  | Received a gift from Trog
 34849 | Snake:1  | Noticed Agnes
 34865 | Snake:1  | Killed Agnes
 35144 | Snake:1  | Noticed Rupert
 35153 | Snake:1  | Killed Rupert
 35442 | Snake:2  | Noticed Vashnia
 36456 | Snake:2  | Killed Vashnia
 38518 | Snake:2  | Identified the +7 scythe of Peril {vorpal, rPois rN+ Str+4
                  | Stlth+}
 39017 | Snake:2  | Reached XP level 17. HP: 63/166 MP: 16/16
 39499 | Snake:2  | Received a gift from Trog
 39734 | Snake:3  | Found a bloodstained altar of Trog.
 41164 | Snake:3  | HP: 3/166 [asphyx]
 41710 | Snake:4  | Entered Level 4 of the Snake Pit
 41710 | Snake:4  | Noticed Asterion
 41723 | Snake:4  | Killed Asterion
 42075 | Snake:4  | Received a gift from Trog
 42922 | Snake:4  | Noticed Aizul
 42936 | Snake:4  | Killed Aizul
 43300 | Snake:4  | Reached skill level 10 in Shields
 43372 | Snake:3  | HP: 8/168 [poisoned by a naga ritualist (toxic radiance)]
 44169 | Snake:4  | Noticed Nikola
 44187 | Snake:4  | Killed from afar by Nikola

Illustrated notes

Levels and vault maps discovered:
D:1:      dpeg_arrival_windows_large_door, layout_rooms
D:2:      layout_basic, dreamdust_ecumenical_altar_grove, basic_altar,
          uniq_sigmund
D:3:      layout_loops_cross, uniq_robin
D:4:      layout_basic, minmay_temple_entry_statues_fountains,
          gup_sewer_entry_glass, serial_corexii_hall, corexii_hall_statues_l,
          chequers_hall_statues_y, minmay_manual_mail
D:5:      layout_basic, serial_shops, shop
D:6:      layout_cave_pools, gammafunk_ghost_arena, serial_shops,
          kennysheep_mini_moat, uniq_menkaure
D:7:      layout_basic, serial_shops, shop, uniq_crazy_yiuf_cottage,
          uniq_prince_ribbit1
D:8:      layout_gridville, kennysheep_small_circle
D:9:      layout_loops_ring, mainiacjoe_overflow_chevrons, hiddenorc2_lemuel
D:10:     nzn_winding_woodlands_medium [nzn_winding_woodlands_hourglass,
          nzn_winding_woodlands_5x15_twine, nzn_winding_woodlands_5x5_open_star,
          nzn_winding_woodlands_5x5_checkerboard,
          nzn_winding_woodlands_center_triple_pond,
          nzn_winding_woodlands_5x5_cross, nzn_winding_woodlands_5x5_default,
          nzn_winding_woodlands_5x15_crooked,
          nzn_winding_woodlands_5x5_default], layout_basic, uniq_lodul
D:11:     layout_basic, david_lair_shrubbed, kennysheep_opposing_triangles
D:12:     layout_loops_ring, hellmonk_ghost_happy_afterlife, minmay_librarian,
          uniq_frances
D:13:     layout_rooms, nicolae_trove_entry_path_of_doom, minmay_microvault
D:14:     layout_stronghold, david_vaults_4, uniq_louise, uniq_roxanne,
          uniq_azrael
D:15:     grunt_enter_depths_giant_problem, layout_loops_ring,
          ebering_ghost_inner_flame
Lair:1:   layout_misc_corridors, chequers_serial_rivers_micro_b,
          beast_lair_carwin_3, infiniplex_staircase_pool_2
Lair:2:   layout_cave_shapes, grunt_megastairs_4, uniq_erica
Lair:3:   layout_chaotic_city, dummy_snake_entry
Lair:4:   layout_regular_city, minmay_swamp_entry_wisps
Lair:5:   layout_small_grid, minmay_slime_entry_pillars, grunt_megastairs_5
Lair:6:   due_jungle_book, layout_long_grid, evilmike_ambush
          [evilmike_ambush_outer_basic, evilmike_ambush_inner_basic]
Snake:1:  minmay_snake_river, layout_cave_shapes, minmay_shop_star, uniq_rupert,
          uniq_agnes
Snake:2:  layout_layer_cave, nicolae_snake_scaly_snakehead, uniq_vashnia
Snake:3:  layout_rooms, basic_altar
Snake:4:  grunt_snake_rune_serpentine_throne, layout_onion_interference,
          uniq_aizul, uniq_nikola, uniq_asterion, uniq_donald
Orc:1:    layout_caves, serial_shops, shop_statue
Orc:2:    grunt_orc_community_town_hall, layout_caves,
          grunt_orc_community_big_house_2, grunt_orc_community_big_house_2,
          grunt_orc_community_house_2, grunt_orc_community_house_2,
          grunt_orc_community_house_1, grunt_orc_community_house_3,
          grunt_orc_community_house_2, grunt_orc_community_house_3

Skill      XL: |  1  2  3  4  5  6  7  8  9 10 11 12 13 14 15 16 17 |
---------------+----------------------------------------------------+-----
Axes           | 4 5 6 7 9 10 12 13 15 16 17 18 19 | 19.0
Fighting       | 4 5 6 7 9 10 12 13 15 16 17 18 19 | 19.2
Armour         | 3 4 5 6 7 8 10 12 13 14 16 17 18 19 | 19.0
Dodging        | 3 4 5 6 8 9 11 12 13 15 16 17 | 17.5
Shields        | 5 8 10 | 10.1

Action                   |  1- 3 |  4- 6 |  7- 9 | 10-12 | 13-15 | 16-18 || total
-------------------------+-------+-------+-------+-------+-------+-------++-------
Melee: Hand axe          |    73 |       |       |       |       |       ||    73
       Headbutt          |    14 |     9 |    38 |   137 |   334 |   193 ||   725
       Battleaxe         |    21 |    80 |    48 |       |       |       ||   149
       War axe           |       |       |   154 |   529 |  1179 |   766 ||  2628
       Punch             |       |       |     1 |     9 |    22 |     8 ||    40
Throw: Throwing net      |       |       |       |     1 |       |     1 ||     2
Invok: Trog's Hand       |     1 |     1 |     1 |     3 |     1 |     1 ||     8
       Berserk           |     1 |     1 |     1 |     2 |     1 |     3 ||     9
       Brothers in Arms  |       |       |       |     1 |     3 |     3 ||     7
Evoke: Wand              |       |       |       |     1 |     1 |       ||     2
  Use: Potion            |       |     2 |       |     2 |     3 |     4 ||    11
       Scroll            |       |       |    23 |     2 |    13 |    10 ||    48
 Stab: Sleeping          |     1 |       |       |       |       |       ||     1
       Distracted        |       |       |     1 |       |       |       ||     1
       Held in net/web   |       |       |       |     2 |       |     2 ||     4
       Petrified         |       |       |       |       |     9 |       ||     9
       Petrifying        |       |       |       |       |     2 |       ||     2
Armor: Animal skin       |    22 |       |       |       |       |       ||    22
       Scale mail        |     9 |    39 |    84 |       |       |       ||   132
       Plate armour      |       |       |    20 |   344 |   730 |   359 ||  1453
Dodge: Dodged            |    62 |    65 |   137 |   277 |   637 |   410 ||  1588
Block: Other             |       |       |       |    27 |   234 |   145 ||   406
       Reflection        |       |       |       |       |    11 |    29 ||    40
       Tower shield      |       |       |       |       |       |   132 ||   132

Table legend: (Time is in decaauts)
 A = Elapsed time spent in this place.
 B = Non-inter-level travel time spent in this place.
 C = Inter-level travel time spent in this place.
 D = Time resting spent in this place.
 E = Time spent auto-exploring this place.
 F = Levels seen in this place.
 G = Mean time per level.
                   A        B        C        D        E       F      G
               +--------+--------+--------+--------+--------+-----+--------+
         Total |  43931 |  42106 |   1825 |   8547 |  28051 |  28 | 1569.0 |
       Dungeon |  20899 |  19637 |   1262 |   1306 |  15823 |  15 | 1393.3 |
          Lair |   9766 |   9453 |    313 |   1845 |   6414 |   6 | 1627.7 |
     Snake Pit |   9854 |   9682 |    172 |   4246 |   4154 |   4 | 2463.5 |
  Orcish Mines |   3020 |   2944 |     76 |    937 |   1569 |   2 | 1510.0 |
         Sewer |    390 |    390 |      0 |    212 |     91 |   1 |  390.0 |
               +--------+--------+--------+--------+--------+-----+--------+

Top non-repeatable levels by time:
 Snake:1: 2900 daAuts
 Snake:3: 2832 daAuts
 Snake:2: 2798 daAuts
  Lair:6: 2664 daAuts
    D:14: 2374 daAuts
     D:4: 2329 daAuts
  Lair:3: 2179 daAuts
    D:11: 2144 daAuts
    D:10: 1932 daAuts
    D:12: 1825 daAuts
  Lair:2: 1700 daAuts
    D:15: 1614 daAuts
   Orc:1: 1563 daAuts
   Orc:2: 1457 daAuts
 Snake:4: 1324 daAuts
